 Dungeon Crawl Stone Soup version 0.28.0-53-g5a82cb258f (webtiles) character file.

Game seed: 16846231457964223467

2692 cbfl8 the Cleaver (level 9, -7/79 HPs)
             Began as a Minotaur Berserker on Nov 4, 2022.
             Was a Priest of Trog.
             Mangled by a yak (10 damage)
             ... on level 7 of the Dungeon.
             The game lasted 00:06:01 (8245 turns).

cbfl8 the Cleaver (Minotaur Berserker)              Turns: 8245, Time: 00:06:01

Health: -7/79      AC: 11    Str: 21    XL:     9   Next: 38%
Magic:  11/11      EV:  5    Int:  4    God:    Trog [***...]
Gold:   337        SH: 11    Dex: 15    Spells: 8/8 levels left

rFire   . . .      SeeInvis .   c - +1 broad axe (flame)
rCold   . . .      Faith    .   y - +0 tower shield
rNeg    . . .      Spirit   .   w - +0 chain mail
rPois   .          Reflect  .   (helmet restricted)
rElec   .          Harm     .   g - +0 cloak
rCorr   .          Rampage  .   (no gloves)
Will    .....                   (no boots)
Stlth   ..........              (no amulet)
HPRegen 0.23/turn               (no ring)
MPRegen 0.12/turn               (no ring)

@: on berserk cooldown, hasted and slowed
A: horns 2, retaliatory headbutt
a: Renounce Religion, Berserk, Trog's Hand


You were on level 7 of the Dungeon.
You worshipped Trog.
Trog was most pleased with you.
You visited 1 branch of the dungeon, and saw 7 of its levels.

You collected 429 gold pieces.
You spent 92 gold pieces at shops.

Inventory:

Hand Weapons
 c - a +1 broad axe of flaming (weapon)
 o - a +2 war axe of venom
Missiles
 x - a throwing net (quivered)
Armour
 g - a +0 cloak (worn)
 w - a +0 chain mail (worn)
 y - a +0 tower shield (worn)
Wands
 A - a wand of mindburst (13)
Scrolls
 a - a scroll of noise
 f - 5 scrolls of teleportation
 j - 2 scrolls of fog
 l - 2 scrolls of fear
 p - a scroll of magic mapping {unknown}
 r - a scroll of holy word {unknown}
 s - a scroll of identify
 u - 2 scrolls of blinking
Potions
 b - 2 potions of mutation {unknown}
 d - a potion of flight {unknown}
 e - 3 potions of curing {unknown}
 h - a potion of berserk rage {unknown}
 i - 4 potions of haste
 k - a potion of lignification {unknown}
 m - a potion of heal wounds {unknown}
 n - 2 potions of attraction {unknown}
 q - 2 potions of degeneration {unknown}
 t - a potion of might {unknown}
 v - a potion of brilliance {unknown}
 z - a potion of ambrosia {unknown}


   Skills:
 * Level 7.2 Fighting
 * Level 10.7 Axes
 + Level 5.9 Armour
 * Level 5.1 Dodging
 + Level 1.9 Stealth
 + Level 0.4 Shields
 * Level 4.3 Invocations


You had 8 spell levels left.
You didn't know any spells.
Your spell library was empty.

Dungeon Overview and Level Annotations

Branches:
Dungeon (7/15)             Temple (0/1) D:4

Altars:
Ashenzari
Cheibriados
Elyvilon
Fedhas
Gozag
Hepliaklqana
Nemelex Xobeh
Okawaru
Qazlal
Ru
Sif Muna
Uskayaw
Xom
Zin

Shops:
D:4 **   D:7 *

Annotations:
D:6 2 transporters, Banquo's ghost, novice DjAE


Innate Abilities, Weirdness & Mutations

You have a pair of horns on your head.
You reflexively headbutt those who attack you in melee.


Message History

The yak gores you. The yak barely misses you. The yak gores you. x2
Unknown command.
You hit the yak. You burn the yak.
The yak is almost dead.
You hit the yak. You burn the yak. You hit the yak. You burn the yak.
You slash the yak! You burn the yak. The yak gores you!
You block the yak's attack. The yak completely misses you. The yak gores you!
* * * LOW HITPOINT WARNING * * *
The yak barely misses you. You furiously retaliate!
You headbutt the yak!
You kill the yak!
Trog accepts your kill.
Unknown command.
You are too injured to fight recklessly!
A red film seems to cover your vision as you go berserk!
You feel yourself moving faster!
You feel mighty! You block the yak's attack. The yak gores you!
* * * LOW HITPOINT WARNING * * *
The yak barely misses you. The yak gores you!
* * * LOW HITPOINT WARNING * * *
You slash the yak! You burn the yak!
The yak is severely wounded.
You slash the yak! You burn the yak. You slash the yak! You burn the yak.
You kill the yak!
Trog accepts your kill.
You hit the yak. You burn the yak. The yak barely misses you.
You block the yak's attack. The yak gores you.
* * * LOW HITPOINT WARNING * * *
You are too berserk!
You feel a strong urge to attack something.
You are too berserk!
You feel your anger nearly subside.
You are no longer berserk.
You are exhausted.
You feel yourself slow down.
It was a potion of haste.
You feel yourself speed up.
Okay, then.
The yak gores you.
* * * LOW HITPOINT WARNING * * *
The yak gores you but does no damage. The yak gores you!
You die...

##### ###### #...#
##.....## #...#
##............ #...#
#............. #...#
#.......!..... #...#
#............. #...#
#............. ####...#
#.@........... #......#
#.YY.......... †.##...#
##Y........... .......##
######...†..#....
###.....####...........#
#
####...##............##
### #..................#
..# ##.##..............#
##### ..#
#.................#
#....


You could see 3 yaks.

Vanquished Creatures
  2 yaks (D:7)
  Edmund (D:6)
  2 water moccasins
  A hornet zombie (D:7)
  4 black bears
  An ice beast (D:4)
  2 ogres
  A centaur (D:7)
  A phantom (D:4)
  A scorpion (D:6)
  3 wights (D:6)
  2 howler monkeys
  2 centaur zombies
  A bullfrog zombie (D:6)
  A jelly (D:4)
  2 orc priests (D:6)
  Crazy Yiuf (D:4)
  4 bullfrog skeletons
  2 centaur skeletons
  A gnoll shaman (D:7)
  Natasha (thrice) (D:4)
  6 iguanas
  A killer bee zombie (D:4)
  A hound skeleton (D:5)
  9 gnolls
  8 adders
  A white imp (D:6)
  2 worms
  3 dart slugs
  15 orcs
  6 endoplasms
  4 giant cockroaches
  5 hobgoblins
  3 jackals (D:2)
  3 quokkas
  6 ball pythons
  4 bats
  5 frilled lizards
  11 goblins
  6 kobolds
  2 rats
139 creatures vanquished.

Vanquished Creatures (others)
  2 plants (D:6)
2 creatures vanquished.

Grand Total: 141 creatures vanquished

Notes
Turn   | Place    | Note
-------+----------+-------------------------------------------
     0 | D:1      | cbfl8 the Minotaur Berserker began the quest for the Orb.
     0 | D:1      | Reached XP level 1. HP: 19/19 MP: 0/0
    58 | D:1      | Reached skill level 4 in Axes
    58 | D:1      | Reached XP level 2. HP: 27/27 MP: 1/1
   762 | D:1      | Reached XP level 3. HP: 33/33 MP: 2/2
  1036 | D:2      | Found a snail-covered altar of Cheibriados.
  1581 | D:2      | Reached ** piety under Trog
  1644 | D:2      | Reached XP level 4. HP: 38/41 MP: 3/3
  2230 | D:3      | Found a shimmering blue altar of Sif Muna.
  2309 | D:3      | Reached skill level 1 in Invocations
  2349 | D:3      | Reached skill level 5 in Axes
  2405 | D:3      | Found a hazy altar of Hepliaklqana.
  3007 | D:3      | Reached XP level 5. HP: 47/47 MP: 5/5
  3198 | D:4      | Noticed a phantom
  3206 | D:4      | Killed a phantom
  3260 | D:4      | Noticed a black bear
  3264 | D:4      | Killed a black bear
  3265 | D:4      | Reached skill level 6 in Axes
  3265 | D:4      | Reached XP level 6. HP: 55/55 MP: 6/6
  3317 | D:4      | Noticed Natasha
  3320 | D:4      | Killed Natasha
  3460 | D:4      | Noticed an ice beast
  3466 | D:4      | Killed an ice beast
  3467 | D:4      | Reached skill level 5 in Fighting
  3600 | D:4      | Found a runed translucent door.
  3601 | D:4      | Noticed Crazy Yiuf
  3676 | D:4      | Reached XP level 7. HP: 30/61 MP: 7/7
  3831 | D:4      | Found a white marble altar of Elyvilon.
  3837 | D:4      | Reached skill level 7 in Axes
  3932 | D:4      | Found a sparkling altar of Nemelex Xobeh.
  4049 | D:4      | Found Hesob's CLEARANCE SALE!.
  4104 | D:4      | Noticed Natasha
  4109 | D:4      | Killed Natasha
  4138 | D:4      | Found a staircase to the Ecumenical Temple.
  4175 | D:4      | Noticed Natasha
  4178 | D:4      | Killed Natasha
  4286 | D:4      | Reached *** piety under Trog
  4302 | D:4      | Found Apruf's Assorted Antiques.
  4319 | D:4      | Bought a broad axe for 92 gold pieces
  4437 | D:4      | Found a glowing silver altar of Zin.
  4629 | D:4      | Killed Crazy Yiuf
  4711 | D:5      | Entered Level 5 of the Dungeon
  5117 | D:5      | Found a hide-covered altar of Uskayaw.
  5119 | D:5      | Reached skill level 8 in Axes
  5119 | D:5      | Found a stormy altar of Qazlal.
  5452 | D:5      | Found a broken altar of Ashenzari.
  5485 | D:5      | Reached skill level 1 in Stealth
  5485 | D:5      | Reached XP level 8. HP: 69/70 MP: 9/9
  6204 | D:6      | Found a sacrificial altar of Ru.
  6254 | D:6      | Reached skill level 5 in Armour
  6765 | D:6      | Reached skill level 9 in Axes
  6829 | D:6      | Found an iron altar of Okawaru.
  6879 | D:6      | Found a transporter.
  6891 | D:6      | Found a transporter.
  6946 | D:6      | Found a hide-covered altar of Uskayaw.
  6948 | D:6      | Found a blossoming altar of Fedhas.
  6948 | D:6      | Found a shimmering altar of Xom.
  6949 | D:6      | Noticed Edmund
  6950 | D:6      | Found a blossoming altar of Fedhas.
  6950 | D:6      | Found an opulent altar of Gozag.
  6950 | D:6      | Found a sparkling altar of Nemelex Xobeh.
  6956 | D:6      | Killed Edmund
  7087 | D:6      | Noticed Banquo's ghost (novice DjAE)
  7331 | D:7      | Reached XP level 9. HP: 50/78 MP: 10/10
  7984 | D:7      | Found Qoniol's Lightly-Used Armoury.
  8091 | D:7      | Reached skill level 10 in Axes
  8180 | D:7      | Reached skill level 5 in Dodging
  8244 | D:7      | HP: 3/79 [yak (2)]
  8245 | D:7      | Mangled by a yak

Illustrated notes

Levels and vault maps discovered:
D:1:      ncdulo_lavacross, layout_basic
D:2:      layout_basic, basic_altar, kennysheep_pointless_box, st_stairs_14,
          roderic_lattice_a
D:3:      layout_basic, overflow_temple_1_default,
          nicolae_sif_muna_little_library, minmay_misc_feat_secret_circle
D:4:      layout_basic, old_standard_altar, nemelex_xobeh_ov_fountains_minmay,
          general_overflow_altar, temple_hall, serial_shops,
          nicolae_lakefront_shop, nicolae_shop_clearance,
          uniq_crazy_yiuf_cottage, uniq_natasha
D:5:      layout_loops_corners, nicolae_ashenzari_skybound,
          chequers_temple_overflow_statue_of_worship
D:6:      layout_rooms, doesnt_xom_only_xom, mainiacjoe_overflow_chevrons,
          amcnicky_altar_gilded, gammafunk_ghost_stat_death, hex_large,
          serial_bayou_crossing, uniq_edmund
D:7:      layout_rooms, minmay_shop_damaged

Skill      XL: |  1  2  3  4  5  6  7  8  9 |
---------------+----------------------------+-----
Fighting       | 4 5 6 7 |  7.2
Axes           | 4 5 6 8 9 10 | 10.7
Invocations    | 1 2 3 4 |  4.3
Dodging        | 3 4 5 |  5.1
Armour         | 3 4 5 |  5.9
Stealth        | 1 |  1.9
Shields        | |  0.4

Action                   |  1- 3 |  4- 6 |  7- 9 || total
-------------------------+-------+-------+-------++-------
Melee: Hand axe          |    80 |    40 |       ||   120
       Headbutt          |    12 |    16 |    24 ||    52
       War axe           |       |    40 |    24 ||    64
       Punch             |       |     1 |       ||     1
       Broad axe         |       |       |   139 ||   139
Invok: Berserk           |       |     1 |     1 ||     2
  Use: Scroll            |       |       |    10 ||    10
       Potion            |       |       |     1 ||     1
Armor: Animal skin       |    14 |       |       ||    14
       Ring mail         |    17 |    19 |    22 ||    58
       Chain mail        |       |       |    50 ||    50
       Scale mail        |       |       |    16 ||    16
Dodge: Dodged            |    56 |    46 |    98 ||   200
Block: Tower shield      |       |       |    19 ||    19
